 Dungeon Crawl Stone Soup version 0.29.1-15-g9cfb28693d (webtiles) character file.

Game seed: 12053481451543303305

32 BuddhaDhamma the Chopper (level 3, -4/31 HPs)
             Began as a Minotaur Berserker on Mar 14, 2023.
             Was a Follower of Trog.
             Constricted to death by Natasha (7 damage)
             ... on level 2 of the Dungeon.
             The game lasted 00:02:44 (1292 turns).

BuddhaDhamma the Chopper (Minotaur Berserker)       Turns: 1292, Time: 00:02:45

Health: -4/31      AC:  8    Str: 23    XL:     3   Next: 8%
Magic:  2/2        EV:  5    Int:  4    God:    Trog [*.....]
Gold:   67         SH:  0    Dex:  9    Spells: 2/2 levels left

rFire   . . .      SeeInvis .   a - +0 hand axe
rCold   . . .      Faith    .   (no shield)
rNeg    . . .      Spirit   .   m - +0 chain mail
rPois   .          Reflect  .   (helmet restricted)
rElec   .          Harm     .   (no cloak)
rCorr   .          Rampage  .   (no gloves)
Will    .....                   (no boots)
Stlth   ..........              (no amulet)
HPRegen 0.10/turn               (no ring)
MPRegen 0.08/turn               (no ring)

@: grasped by roots, constricted
A: horns 2, retaliatory headbutt
a: Renounce Religion, Berserk


You were on level 2 of the Dungeon.
You worshipped Trog.
Trog was aware of your devotion.
You visited 1 branch of the dungeon, and saw 2 of its levels.

You collected 67 gold pieces.

Inventory:

Hand Weapons
 a - a +0 hand axe (weapon)
Armour
 m - a +0 chain mail (worn)
Scrolls
 b - a scroll of identify {unknown}
 d - 2 scrolls of teleportation {unknown}
 g - a scroll of vulnerability {unknown}
 k - a scroll of noise {unknown}
Potions
 c - a potion of lignification {unknown}
 e - 3 potions of attraction {unknown}
 f - a potion of degeneration {unknown}
 i - a potion of heal wounds {unknown}
 j - 3 potions of curing {unknown}
 l - a potion of might {unknown}


   Skills:
 - Level 3.6 Fighting
 + Level 5.2 Axes
 - Level 2.4 Armour
 - Level 2.1 Dodging


You had 2 spell levels left.
You didn't know any spells.
Your spell library was empty.

Dungeon Overview and Level Annotations

Branches:
Dungeon (2/15)

Altars:

Shops:
D:1 ?[:([

Annotations:
D:2 Natasha


Innate Abilities, Weirdness & Mutations

You have a pair of horns on your head.
You reflexively headbutt those who attack you in melee.


Message History

The adder is almost dead.
The adder bites you but does no damage.
Natasha zaps a wand.
The roots erupt in riotous growth!
The adder is unaffected.
The frilled lizard is unaffected.
Natasha is unaffected.
The grasping roots grab you! The grasping roots constrict you.
The crimson imp blinks!
You closely miss the adder. Your headbutt misses the adder.
The adder is almost dead.
The adder bites you but does no damage. The grasping roots constrict you.
The crimson imp blinks!
You barely miss the adder. Your headbutt misses the adder.
The adder is almost dead.
The adder bites you but does no damage. The grasping roots constrict you.
The adder barely misses you. You furiously retaliate!
You headbutt the adder!
You kill the adder!
Trog accepts your kill.
Your Axes skill increases to level 5!
You have reached level 3!
Your experience leads to an increase in your attributes!
Increase (S)trength, (I)ntelligence, or (D)exterity?
You feel stronger. x2
You escape the roots grasp.
The frilled lizard closely misses you.
Natasha zaps a wand.
The roots erupt in riotous growth!
The grasping roots grab you!
The frilled lizard is unaffected.
Natasha is unaffected.
The grasping roots constrict you.
You see here an adder corpse.
You slash Natasha! Your headbutt misses Natasha.
Natasha is heavily wounded.
You hit the frilled lizard.
You kill the frilled lizard!
Trog accepts your kill. Natasha claws you! The grasping roots constrict you.
* * * LOW HITPOINT WARNING * * *
You barely miss Natasha.
Natasha is heavily wounded.
You hit the crimson imp. Natasha claws you.
* * * LOW HITPOINT WARNING * * *
The grasping roots constrict you!
You die...

#..# #...... #..#.#
#..# #...... ##..#.#
#..# ###'### ...#.#
#..# #.#.# ....# #..#
#.#.# #...# #..# #.#.#
#..5# #..# #.#.# #.5h#
#..###.#.# #@#
#......#.### #.#
##.###.#.#..
#####.######.###.#.#.#
#................#...#
#.###.######.......###
#.. ###........ #.#
#.###.### #.# #.###.#
# #.# #.....# #


You could see an iron imp (summoned), Natasha and a crimson imp (summoned).

Vanquished Creatures
  An adder (D:2)
  A dart slug (D:2)
  3 bats
  2 endoplasms (D:1)
  2 giant cockroaches (D:1)
  2 goblins
  2 hobgoblins (D:1)
  A quokka (D:1)
  2 ball pythons (D:1)
  A frilled lizard (D:2)
  2 kobolds
  2 rats
21 creatures vanquished.

Notes
Turn   | Place    | Note
-------+----------+-------------------------------------------
     0 | D:1      | BuddhaDhamma the Minotaur Berserker began the quest for the
                  | Orb.
     0 | D:1      | Reached XP level 1. HP: 19/19 MP: 0/0
   295 | D:1      | Found Yqodux's Book Emporium.
   326 | D:1      | Found Laziri's Weapon Emporium.
   355 | D:1      | Found Fyxoc's Antique Armour Boutique.
   428 | D:1      | Found Ushrag's Magic Scroll Emporium.
   462 | D:1      | Reached skill level 4 in Axes
   469 | D:1      | Reached XP level 2. HP: 26/26 MP: 1/1
   594 | D:1      | Found Vaesk's Armour Boutique.
   828 | D:1      | Found a faded altar of an unknown god.
  1279 | D:2      | Noticed Natasha
  1280 | D:2      | Noticed a crimson imp
  1286 | D:2      | Noticed a crimson imp
  1290 | D:2      | Reached skill level 5 in Axes
  1290 | D:2      | Reached XP level 3. HP: 21/31 MP: 2/2
  1292 | D:2      | Constricted to death by Natasha

Illustrated notes

Levels and vault maps discovered:
D:1:      dpeg_arrival_concentric_ovals, layout_basic,
          hellmonk_ecumenical_altar_blasted, serial_shops,
          nicolae_lakefront_shop, nicolae_square_shop,
          nicolae_shop_behind_doors, nicolae_diamond_shop, shop,
          minmay_tiny_reverse_x
D:2:      layout_basic, basic_altar, uniq_natasha

Skill      XL: |  1  2 |
---------------+-------+-----
Axes           | 4 5 |  5.2
Fighting       | |  3.6
Armour         | |  2.4
Dodging        | |  2.1

Action                   || total
-------------------------++-------
Melee: Hand axe          ||    53
       Headbutt          ||     6
Armor: Ring mail         ||    24
       Animal skin       ||     1
       Chain mail        ||    11
Dodge: Dodged            ||    26
